 Dungeon Crawl Stone Soup version 0.17-a0-1208-g5ea1814 (webtiles) character file.

37 TheRake the Grasshopper (level 3, 0/27 HPs)
             Began as a Spriggan Warper on June 4, 2015.
             Succumbed to an adder's poison
             ... on level 2 of the Dungeon.
             The game lasted 00:09:17 (1176 turns).

TheRake the Grasshopper (Spriggan Warper)           Turns: 1176, Time: 00:09:17

Health: 0/27       AC: 26    Str:  7    XL:     3   Next: 23%
Magic:  8/8        EV:  4    Int: 14    God:
Gold:   120        SH:  0    Dex: 16    Spells: 3 memorised, 3 levels left

rFire  + . .     SeeInvis +     i - +0 dagger (protect)
rCold  + . .     Clarity  .     (armour currently unavailable)
rNeg   + + +     SustAt   .     (shield restricted)
rPois  +         Gourm    .     (helmet currently unavailable)
rElec  +         Spirit   .     (cloak currently unavailable)
rCorr  +         Warding  .     (gloves unavailable)
rMut   .         NoTele   +     (boots unavailable)
MR     .....                    (no amulet)
Stlth  ++........               (no ring)
                                (no ring)

@: lethally poisoned (0 -> -2), tree-form, resistant, not resistant to hostile
enchantments, unstealthy
A: unfitting armour, see invisible, herbivore 3, (speed 0), slow metabolism 2
a: no special abilities


You were on level 2 of the Dungeon.
You were not hungry.
You were a tree.
You visited 1 branch of the dungeon, and saw 2 of its levels.

You collected 120 gold pieces.

Inventory:

Hand weapons
 a - a +0 short sword
 i - a +0 dagger of protection (weapon)
Missiles
 e - 5 tomahawks of dispersal (quivered)
 g - 34 stones
 k - 5 steel tomahawks
 m - 49 arrows
Armour
 b - a +0 robe (melded)
Scrolls
 d - a scroll of blinking
 j - 2 scrolls of identify {unknown}
 o - a scroll of magic mapping {unknown}
Books
 c - a book of Spatial Translocations

   Spells                             Type                      Level
   a - Apportation                    Translocation                1
   b - Blink                          Translocation                2
   c - Shroud of Golubria             Charms/Translocation         2
   d - Portal Projectile              Translocation                3
   e - Teleport Other                 Translocation                3
   f - Passage of Golubria            Translocation                4
Comestibles
 f - a bread ration


   Skills:
 - Level 2.0 Fighting
 + Level 2.5 Short Blades
 - Level 1.1 Throwing
 + Level 3.9 Dodging
 + Level 1.2 Stealth
 - Level 3.0 Spellcasting
 + Level 1.1 Charms
 + Level 4.7 Translocations


You had 3 spell levels left.
You knew the following spells:

 Your Spells              Type           Power        Failure   Level  Hunger
a - Apportation           Tloc           ###.......   3%          1    #......
b - Blink                 Tloc           N/A          6%          2    ##.....
c - Shroud of Golubria    Chrm/Tloc      ##........   12%         2    ##.....


Dungeon Overview and Level Annotations

Branches:
Dungeon (2/15)

Altars:


Innate Abilities, Weirdness & Mutations

You are tiny and cannot use many weapons and most armour.
You have supernaturally acute eyesight.
You are a herbivore.
((You cover ground extremely quickly.))
You need consume almost no food.


Message History

The adder is moderately wounded.
The adder bites you.
* * * LOW HITPOINT WARNING * * *
You hit the adder.
The adder is moderately wounded.
* * * LOW HITPOINT WARNING * * *
You feel sick. The adder barely misses you.
You cannot move.
You hit the adder but do no damage.
The adder is moderately wounded.
The adder bites you but does no damage.
You hit the adder.
The adder is heavily wounded.
The adder bites you but does no damage.
You barely miss the adder.
The adder is heavily wounded.
The adder barely misses you.
You hit the adder.
The adder is heavily wounded.
You die...

# ###
################.##
.†....<...........#
####.###########.##
####.# #.# #....#
#♣# #.#### #S# #.#
#g# #.# #.# #.###
#.# ....# #.# #.#.#
#.# #.#.# #.# #.#.#
#.#


You could see an adder and a goblin.

Vanquished Creatures
  2 adders (D:2)
  A giant gecko (D:1)
  A goblin (D:2)
  4 hobgoblins
  5 bats
  A giant cockroach (D:2)
  5 kobolds
  A rat (D:2)
20 creatures vanquished.

Notes
Turn   | Place    | Note
--------------------------------------------------------------
     0 | D:1      | TheRake the Spriggan Warper began the quest for the Orb.
     0 | D:1      | Reached XP level 1. HP: 10/10 MP: 5/5
   367 | D:1      | Reached XP level 2. HP: 15/15 MP: 6/6
   452 | D:2      | Learned a level 2 spell: Blink
   455 | D:2      | Learned a level 2 spell: Shroud of Golubria
   763 | D:2      | Reached skill level 1 in Charms
  1021 | D:2      | Reached XP level 3. HP: 18/18 MP: 8/8
  1072 | D:2      | Reached skill level 1 in Stealth
  1172 | D:2      | HP: 1/27 [poisoned by an adder]
  1176 | D:2      | Succumbed to an adder's poison

Vault maps used:
D:1:      roderic_dead_forest
D:2:      first_bread, amethyst_killhole, uniq_crazy_yiuf_cottage, uniq_jessica

Action                   || total
-------------------------++-------
Melee: Dagger            ||   132
       Short sword       ||     6
 Cast: Shroud of Golubri ||     1
  Use: Potion            ||     3
